 Dungeon Crawl Stone Soup version 0.30-a0-557-ge2afbf3030 (webtiles) character file.

Game seed: 12305575346547176636

37 HoaS the Shooter (level 3, -5/21 HPs)
             Began as a Tengu Hunter on Dec 27, 2022.
             Slain by a gnoll
             ... wielding a +0 flail
              (14 damage)
             ... on level 1 of the Dungeon.
             The game lasted 00:01:45 (815 turns).

HoaS the Shooter (Tengu Hunter)                      Turns: 815, Time: 00:01:45

Health: -5/21      AC:  3    Str: 11    XL:     3   Next: 39%
Magic:  4/4        EV: 12    Int:  9    God:
Gold:   28         SH:  0    Dex: 19    Spells: 2/2 levels left

rFire   . . .      SeeInvis .    a - +0 shortbow
rCold   . . .      Faith    .    (shield currently unavailable)
rNeg    . . .      Spirit   .    c - +0 leather armour
rPois   .          Reflect  .    (helmet restricted)
rElec   .          Harm     .    (no cloak)
rCorr   .          Rampage  .    (no gloves)
Will    .....                    (boots unavailable)
Stlth   ++                       (no amulet)
HPRegen 0.23/turn                (no ring)
MPRegen 0.09/turn                (no ring)

@: no status effects
A: beak, talons 3
a: no special abilities


You were on level 1 of the Dungeon.
You visited 1 branch of the dungeon, and saw 2 of its levels.

You collected 28 gold pieces.

Inventory:

Hand Weapons
 a - a +0 shortbow (weapon)
Armour
 c - a +0 leather armour (worn)
Wands
 d - a wand of iceblast (3)
Scrolls
 b - a scroll of immolation
 g - a scroll of noise
Potions
 i - a potion of flight
 k - a potion of cancellation


   Skills:
 - Level 2.0 Fighting
 + Level 5.6 Ranged Weapons
 - Level 2.1 Dodging
 - Level 1.0 Stealth


You had 2 spell levels left.
You didn't know any spells.
Your spell library contained the following spells:

 Spells                   Type           Power      Damage    Failure   Level
 Vhi's Electric Charge    Tloc/Air       0%         N/A       85%         3
 Arcjolt                  Conj/Air       0%         1d10      100%        5
 Maxwell's Capacitive Co  Air            0%         ∞         100%        8


Dungeon Overview and Level Annotations

Branches:
Dungeon (2/15)

Altars:
Uskayaw


Innate Abilities, Weirdness & Mutations

You have a beak for a mouth.
You have claws for feet.


Message History

k - a potion of cancellation The air fills with toxic fumes!
As you read the scroll labelled VUSA GIECKUW, it crumbles to dust.
It was a scroll of poison.
As you read the scroll labelled ERIOJU NUIMU, it crumbles to dust.
You hear a loud clanging noise!
It was a scroll of noise.
You hear an angry hiss.
You hear a shout!
You hear an angry hiss.
You hear a shout!
Blink to where?
Press: ? - help, Dir - move target, f - you Are you sure you want to cancel this blink?
Okay, then.
As you read the scroll labelled EHOGRA IMA KOK, it crumbles to dust.
It was a scroll of blinking.
As you read the scroll labelled BOORUTW WELAS, it crumbles to dust.
You feel strangely unstable.
It was a scroll of teleportation.
You start waiting.
Your surroundings suddenly seem different.
You see here a +0 club.
Found a stone.
A gnoll comes into view. It is wielding a +0 flail.
You shoot an arrow. The gnoll shouts!
The arrow hits the gnoll.
The gnoll is heavily wounded.
The gnoll attacks as you move away! The gnoll hits you with a +0 flail.
The gnoll attacks as you move away! The gnoll hits you but does no damage.
The gnoll hits you with a +0 flail.
A ball python comes into view.
There is a stone staircase leading up here.
The gnoll hits you with a +0 flail!
You climb upwards.
There is a stone staircase leading down here.
You are too injured to fight recklessly!
You are too injured to fight recklessly!
You shoot an arrow. The arrow closely misses the gnoll.
The gnoll hits you with a +0 flail!
Ouch! That really hurt!
You die...

#.#
##.####.#.####.+.≈§
####.# #.# #.#.#
###§≈≈ #....#####.#
#.#.#### ####
#.#).......#
#.#....# #.
#..........#
#.####.# #.
##.#######.# #.#
#.# #. #.# #.# #.#
#.#####. #.# #.#
#.####.......
#.####
#@####.........###
#....#
#g...........#.#
####.#
###########.##.#
#.# #[##.### #.#
#.##.... #.#
#######.#####. #.#
#.......# #. #.#
###.####### #. #.#
#.....# #.


You could see a gnoll.

Vanquished Creatures
  2 worms (D:2)
  A dart slug (D:1)
  6 ball pythons
  3 giant cockroaches
  4 goblins (D:1)
  3 hobgoblins
  A quokka (D:1)
  2 bats
  3 frilled lizards
  A kobold (D:1)
  A rat (D:1)
27 creatures vanquished.

Notes
Turn   | Place    | Note
-------+----------+-------------------------------------------
     0 | D:1      | HoaS the Tengu Hunter began the quest for the Orb.
     0 | D:1      | Reached XP level 1. HP: 12/12 MP: 2/2
    70 | D:1      | Reached XP level 2. HP: 17/17 MP: 3/3
    98 | D:1      | Reached skill level 5 in Ranged Weapons
   668 | D:2      | Reached XP level 3. HP: 21/21 MP: 4/4
   669 | D:2      | Found a hide-covered altar of Uskayaw.
   815 | D:1      | Slain by a gnoll

Illustrated notes

Levels and vault maps discovered:
D:1:      ncdulo_lavacross, layout_loops_ring
D:2:      layout_rooms, serial_corexii_hall, chequers_hall_statues_wall_a,
          corexii_hall_statues_i, basic_altar

Skill      XL: |  1  2 |
---------------+-------+-----
Ranged Weapons | 5 |  5.6
Fighting       | |  2.0
Dodging        | |  2.1
Stealth        | |  1.0

Action                   || total
-------------------------++-------
 Fire: Shortbow          ||    59
  Use: Scroll            ||     7
Armor: Leather armour    ||     2
Dodge: Dodged            ||     6

Table legend: (Time is in decaauts)
 A = Elapsed time spent in this place.
 B = Non-inter-level travel time spent in this place.
 C = Inter-level travel time spent in this place.
 D = Time resting spent in this place.
 E = Time spent auto-exploring this place.
 F = Levels seen in this place.
 G = Mean time per level.
                   A        B        C        D        E       F      G
               +--------+--------+--------+--------+--------+-----+--------+
         Total |    832 |    805 |     27 |      4 |    653 |   2 |  416.0 |
       Dungeon |    832 |    805 |     27 |      4 |    653 |   2 |  416.0 |
               +--------+--------+--------+--------+--------+-----+--------+

Top non-repeatable levels by time:
     D:1: 664 daAuts
     D:2: 168 daAuts
